 Dungeon Crawl Stone Soup version 0.30-a0-652-gcc886f7154 (webtiles) character file.

Game seed: 560203184101541997

12040 NinjaNoafa the Frost Mage (level 11, -1/83 HPs)
             Began as a Gnoll Ice Elementalist on Jan 17, 2023.
             Was a Priest of Cheibriados.
             Slain by a skeletal warrior
             ... wielding a +0 flail
              (21 damage)
             ... on level 12 of the Dungeon.
             The game lasted 00:31:37 (12793 turns).

NinjaNoafa the Frost Mage (Gnoll Ice Elementalist) Turns: 12793, Time: 00:31:37

Health: -1/83      AC: 12    Str: 14    XL:     11   Next: 87%
Magic:  3/23       EV: 16    Int: 30    God:    Cheibriados [***...]
Gold:   365        SH:  7    Dex: 19    Spells: 1/27 levels left

rFire   + . .      SeeInvis +    C - +4 war axe (freeze)
rCold   + . .      Faith    .    K - +1 buckler of Item {rC+ Int-3 SInv}
rNeg    . . .      Spirit   .    Q - +0 acid dragon scales
rPois   .          Reflect  .    (no helmet)
rElec   .          Harm     .    (no cloak)
rCorr   +          Rampage  .    g - +2 pair of gloves
Will    .....                    e - +0 pair of boots
Stlth   +++++                    l - amulet of the acrobat
HPRegen 0.33/turn                O - +6 ring of intelligence
MPRegen 0.18/turn                S - ring "Bocufyub" {rF+ Will+ Int+3 Stlth+}

@: weak-willed, wereblooded (expiring), very slow
A: fangs 1, strong nose, distributed training
a: Renounce Religion, Bend Time, Temporal Distortion


You were on level 12 of the Dungeon.
You worshipped Cheibriados.
Cheibriados was most pleased with you.
You visited 2 branches of the dungeon, and saw 13 of its levels.

You collected 668 gold pieces.
You spent 303 gold pieces at shops.

Inventory:

Hand Weapons
 C - a +4 war axe of freezing (weapon)
 R - a +1 hand axe of venom
Missiles
 h - 9 boomerangs (quivered)
 q - 14 poisoned darts
 s - 6 boomerangs of dispersal
Armour
 e - a +0 pair of boots (worn)
 g - a +2 pair of gloves (worn)
 K - the +1 buckler of Item (worn) {rC+ Int-3 SInv}
   (You found it on level 6 of the Dungeon)

   Int:       It affects your intelligence (-3).
   rC:        It protects you from cold.
   SInv:      It lets you see invisible.
 P - a +3 leather armour of fire resistance
 Q - +0 acid dragon scales (worn)
Magical Staves
 x - a staff of earth
Jewellery
 j - a ring of resist corrosion
 l - an amulet of the acrobat (around neck)
 p - a ring of positive energy
 O - a +6 ring of intelligence (left hand)
 S - the ring "Bocufyub" (right hand) {rF+ Will+ Int+3 Stlth+}
   (You found it on level 10 of the Dungeon)

   [ring of willpower]

   Int:       It affects your intelligence (+3).
   rF:        It protects you from fire.
   Will:      It increases your willpower.
   Stlth:     It makes you more stealthy.
 T - an amulet of guardian spirit
Wands
 b - a wand of iceblast (6)
 w - a wand of paralysis (9)
 D - a wand of digging (5)
 N - a wand of light (20)
 V - a wand of flame (5)
Scrolls
 a - a scroll of poison {unknown}
 c - 2 scrolls of fear
 d - 2 scrolls of vulnerability
 f - 3 scrolls of acquirement
 m - a scroll of noise {unknown}
 o - 2 scrolls of magic mapping {unknown}
 r - 4 scrolls of enchant weapon
 u - a scroll of amnesia {unknown}
 y - 2 scrolls of torment {unknown}
 E - 2 scrolls of teleportation {unknown}
 H - a scroll of blinking
 U - 2 scrolls of fog
 W - a scroll of immolation {unknown}
Potions
 i - 9 potions of curing
 n - a potion of attraction {unknown}
 t - a potion of magic
 v - 3 potions of degeneration {unknown}
 z - a potion of might {unknown}
 A - 3 potions of lignification {unknown}
 B - 2 potions of resistance {unknown}
 F - 2 potions of brilliance {unknown}
 G - 5 potions of ambrosia {unknown}
 I - 2 potions of flight {unknown}
 J - a potion of heal wounds {unknown}
 L - 2 potions of cancellation {unknown}
 M - 2 potions of haste {unknown}


   Skills:
 + Level 6.9 Fighting
 + Level 6.9 Short Blades
 + Level 6.9 Long Blades
 + Level 6.9 Axes
 + Level 6.9 Maces & Flails
 + Level 6.9 Polearms
 + Level 6.9 Staves
 + Level 6.9 Ranged Weapons
 + Level 6.9 Throwing
 + Level 6.9 Armour
 + Level 8.4 Dodging
 + Level 8.2 Stealth
 + Level 6.9 Shields
 + Level 6.9 Unarmed Combat
 + Level 8.6 Spellcasting
 + Level 5.7 Conjurations
 + Level 5.7 Hexes
 + Level 5.7 Summonings
 + Level 5.7 Necromancy
 + Level 5.7 Translocations
 + Level 5.7 Transmutations
 + Level 5.7 Fire Magic
 + Level 9.2 Ice Magic
 + Level 5.7 Air Magic
 + Level 5.7 Earth Magic
 + Level 5.7 Poison Magic
 + Level 7.6 Invocations
 + Level 6.9 Evocations


You had one spell level left.
You knew the following spells:

 Your Spells              Type           Power      Damage    Failure   Level
a - Freeze                Ice            100%       1d10      1%          1
b - Frozen Ramparts       Ice            100%       1d16      1%          3
c - Ozocubu's Armour      Ice            62%        N/A       1%          3
d - Poisonous Vapours     Pois/Air       94%        N/A       1%          2
e - Anguish               Hex/Necr       23%        N/A       6%          4
f - Dazzling Flash        Conj/Hex       94%        N/A       1%          3
g - Summon Ice Beast      Ice/Summ       55%        N/A       3%          4
h - Iskenderun's Mystic   Conj/Tloc      47%        2d10      6%          4
i - Wereblood             Tmut           47%        N/A       1%          2

Your spell library contained the following spells:

 Spells                   Type           Power      Damage    Failure   Level
 Beastly Appendage        Tmut           94%        N/A       1%          1
 Sting                    Tmut/Pois      100%       1d8       1%          1
 Spider Form              Tmut/Pois      47%        N/A       1%          3
 Olgreb's Toxic Radiance  Pois           47%        N/A       6%          4
 Petrify                  Tmut/Erth      47%        N/A       6%          4
 Metabolic Englaciation   Hex/Ice        27%        N/A       9%          5
 Starburst                Conj/Fire      23%        6d8       69%         6
 Statue Form              Tmut/Erth      31%        N/A       69%         6
 Enfeeble                 Hex            23%        N/A       99%         7


Dungeon Overview and Level Annotations

Branches:
Dungeon (12/15)            Temple (1/1) D:7            Lair (0/5) D:9
    Orc: D:9-12

Altars:
Ashenzari
Cheibriados
Dithmenos
Elyvilon
Fedhas
Gozag
Hepliaklqana
Kikubaaqudgha
Makhleb
Nemelex Xobeh
Okawaru
Qazlal
Ru
Sif Muna
Trog
Uskayaw
Xom
Yredelemnul
Zin
The Shining One

Shops:
D:3 [   D:4 [   D:9 (

Portals:
Trove: D:11 (give 2 scrolls of acquirement)

Annotations:
D:6 exclusion: oklob plant
D:10 4 runed translucent doors


Innate Abilities, Weirdness & Mutations

You have very sharp teeth.
Your uncanny sense of smell can sniff out nearby items.
Your experience applies equally to all skills.


Message History

The wall freezes the skeletal warrior but does no damage.
The skeletal warrior closely misses you.
As you read the scroll labelled JUXEHA ZOTAJUC, it crumbles to dust.
Magic quickly surges around you.
It was a scroll of vulnerability.
The wall freezes the skeletal warrior but does no damage.
The skeletal warrior hits you but does no damage.
As you read the scroll of identify, it crumbles to dust.
f - 3 scrolls of acquirement The frozen ramparts melt away.
The skeletal warrior completely misses you.
Okay, then.
Your icy armour will break if you move.
Continue?
Your icy armour cracks and falls away as you move.
Okay, then.
Okay, then.
As you read the scroll of identify, it crumbles to dust.
c - 2 scrolls of fear The skeletal warrior closely misses you.
The skeletal warrior barely misses you.
Your magical contamination has completely faded away.
You can't see any enemies this would affect, really read the scroll of fear?
Okay, then.
As you read the scroll of identify, it crumbles to dust.
H - 2 scrolls of blinking The skeletal warrior closely misses you.
You block the skeletal warrior's attack.
Blink to where?
Press: ? - help, Dir - move target, f - you
Okay, then.
You block the skeletal warrior's attack. x2
The skeletal warrior attacks as you move away!
The skeletal warrior completely misses you.
Your primal bloodlust is almost over.
You block the skeletal warrior's attack. x2
Blink to where?
Press: ? - help, Dir - move target
As you read the scroll of blinking, it crumbles to dust.
The skeletal warrior attacks as you move away!
The skeletal warrior hits you with a +0 flail!!
You die...

#.##)# #####.#............
#.##.#######.#.....######.
#.##<........#.###.#
######.##.#########.# #.#
###......##.####....z.# #.#
........#.....##...§#####.#
........#.....##§§§§§.....#
...............§§§§§§...###
......).#.######@§§####.#
........#.# #zz§# #.#
........#.# #§..# #.#
[.......#.# #...# #.#
........#.# ########.#
#+#.#####.# #......#
#.#.....#.# #......#
#.##.####.# #....).#
#.#.......###### #......#


You could see 2 skeletal warriors.

Vanquished Creatures
  3 two-headed ogres
  Sonja (D:12)
  An ugly thing (D:12)
  2 gargoyles
  2 guardian mummies (D:11)
  2 trolls
  Prince Ribbit (D:7)
  2 slime creatures (D:12)
  A shadow (D:10)
  2 wraiths
  5 yaks (D:10)
  2 vampire mosquitoes (D:10)
  3 wargs (D:9)
  An acid dragon (D:10)
  Duvessa (D:6)
  2 orc warriors
  2 ice beasts
  A sky beast (D:8)
  2 ogres
  3 centaurs
  A phantom (D:4)
  2 necrophages
  2 bullfrogs (D:7)
  3 kobold brigands
  2 scorpions
  12 wights
  Dowan (D:6)
  6 killer bees
  6 howler monkeys
  3 jellies
  6 hounds
  5 orc priests
  Jessica (D:3)
  3 iguanas
  14 orc wizards
  6 gnolls (D:3)
  9 adders
  A shadow imp (D:6)
  5 worms
  2 dart slugs
  30 orcs
  4 bats
  5 endoplasms
  5 giant cockroaches
  5 goblins
  6 hobgoblins
  4 jackals (D:3)
  18 kobolds
  3 quokkas
  7 ball pythons
  3 frilled lizards
  3 rats
222 creatures vanquished.

Vanquished Creatures (collateral kills)
  A skeletal warrior (D:12)
  A troll (D:9)
  A yak (D:10)
  A steam dragon (D:9)
  An acid dragon (D:10)
5 creatures vanquished.

Vanquished Creatures (others)
  A hobgoblin (D:3)
  22 plants
  11 toadstools (D:6)
34 creatures vanquished.

Grand Total: 261 creatures vanquished

Notes
Turn   | Place    | Note
-------+----------+-------------------------------------------
     0 | D:1      | NinjaNoafa the Gnoll Ice Elementalist began the quest for
                  | the Orb.
     0 | D:1      | Reached XP level 1. HP: 13/13 MP: 6/6
   568 | D:1      | Reached XP level 2. HP: 18/19 MP: 3/7
  1247 | D:2      | Reached skill level 5 in Spellcasting
  1247 | D:2      | Reached XP level 3. HP: 25/25 MP: 6/9
  1251 | D:2      | Learned a level 3 spell: Frozen Ramparts
  1255 | D:2      | Learned a level 3 spell: Ozocubu's Armour
  1552 | D:2      | Found a faded altar of an unknown god.
  1588 | D:2      | Reached skill level 1 in Invocations
  1814 | D:2      | Reached skill level 1 in Fighting
  1814 | D:2      | Reached skill level 1 in Short Blades
  1814 | D:2      | Reached skill level 1 in Long Blades
  1814 | D:2      | Reached skill level 1 in Axes
  1814 | D:2      | Reached skill level 1 in Maces & Flails
  1814 | D:2      | Reached skill level 1 in Polearms
  1814 | D:2      | Reached skill level 1 in Staves
  1814 | D:2      | Reached skill level 1 in Ranged Weapons
  1814 | D:2      | Reached skill level 1 in Throwing
  1814 | D:2      | Reached skill level 1 in Armour
  1814 | D:2      | Reached skill level 1 in Shields
  1814 | D:2      | Reached skill level 1 in Unarmed Combat
  1814 | D:2      | Reached skill level 1 in Evocations
  1914 | D:2      | Reached XP level 4. HP: 32/32 MP: 8/11
  2003 | D:3      | Noticed Jessica
  2010 | D:3      | Killed Jessica
  2011 | D:3      | Reached skill level 1 in Conjurations
  2011 | D:3      | Reached skill level 1 in Hexes
  2011 | D:3      | Reached skill level 1 in Summonings
  2011 | D:3      | Reached skill level 1 in Necromancy
  2011 | D:3      | Reached skill level 1 in Translocations
  2011 | D:3      | Reached skill level 1 in Transmutations
  2011 | D:3      | Reached skill level 1 in Fire Magic
  2011 | D:3      | Reached skill level 1 in Air Magic
  2011 | D:3      | Reached skill level 1 in Earth Magic
  2011 | D:3      | Reached skill level 1 in Poison Magic
  2058 | D:3      | Found a white marble altar of Elyvilon.
  2090 | D:3      | Found a glowing golden altar of the Shining One.
  2151 | D:3      | Found a sacrificial altar of Ru.
  2200 | D:3      | Reached XP level 5. HP: 37/37 MP: 2/12
  2640 | D:3      | Reached XP level 6. HP: 44/44 MP: 2/13
  2909 | D:3      | Found Setuisih's Armour Shop.
  3060 | D:3      | Reached skill level 5 in Dodging
  3641 | D:4      | Found Kedanose's Armour Emporium.
  3650 | D:4      | Bought a +0 buckler for 63 gold pieces
  3685 | D:4      | Reached XP level 7. HP: 50/51 MP: 11/15
  4372 | D:5      | Entered Level 5 of the Dungeon
  4383 | D:5      | Reached skill level 5 in Stealth
  4606 | D:5      | HP: 2/49 [wight/+5 flail (1)]
  4612 | D:5      | HP: 2/46 [wight/+5 flail (1)]
  4615 | D:5      | Reached XP level 8. HP: 3/55 MP: 1/16
  5514 | D:5      | Found an iron altar of Okawaru.
  5606 | D:6      | Noticed Dowan
  5608 | D:6      | Identified the +1 buckler of Item {rC+ Int-3 SInv}
  5641 | D:6      | Noticed Duvessa
  5651 | D:6      | Killed Duvessa
  5659 | D:6      | Killed Dowan
  6062 | D:6      | Found a broken altar of Ashenzari.
  6180 | D:6      | Reached XP level 9. HP: 59/65 MP: 11/18
  6386 | D:6      | Found a blossoming altar of Fedhas.
  6410 | D:6      | Noticed an oklob plant
  6877 | D:7      | Reached skill level 8 in Ice Magic
  7113 | D:3      | Bought a +3 leather armour of fire resistance for 240 gold
                  | pieces
  7240 | D:7      | Noticed Prince Ribbit
  7244 | D:7      | Found a staircase to the Ecumenical Temple.
  7253 | D:7      | Killed Prince Ribbit
  7263 | Temple   | Entered the Ecumenical Temple
  7461 | Temple   | Became a worshipper of Cheibriados the Contemplative
  7867 | D:7      | Learned a level 2 spell: Poisonous Vapours
  7870 | D:7      | Learned a level 2 spell: Wereblood
  8138 | D:8      | Reached skill level 5 in Invocations
  8141 | D:8      | Reached * piety under Cheibriados
  8294 | D:8      | You fall into a shaft and drop 2 floors!
  8294 | D:10     | Entered Level 10 of the Dungeon
  8304 | D:10     | Noticed a troll
  8410 | D:10     | Found a sparkling altar of Nemelex Xobeh.
  8510 | D:9      | Reached skill level 5 in Fighting
  8510 | D:9      | Reached skill level 5 in Short Blades
  8510 | D:9      | Reached skill level 5 in Long Blades
  8510 | D:9      | Reached skill level 5 in Axes
  8510 | D:9      | Reached skill level 5 in Maces & Flails
  8510 | D:9      | Reached skill level 5 in Polearms
  8510 | D:9      | Reached skill level 5 in Staves
  8510 | D:9      | Reached skill level 5 in Ranged Weapons
  8510 | D:9      | Reached skill level 5 in Throwing
  8510 | D:9      | Reached skill level 5 in Armour
  8510 | D:9      | Reached skill level 5 in Shields
  8510 | D:9      | Reached skill level 5 in Unarmed Combat
  8510 | D:9      | Reached skill level 5 in Evocations
  8510 | D:9      | Reached XP level 10. HP: 61/74 MP: 12/20
  8520 | D:9      | Found a staircase to the Lair.
  8694 | D:9      | Learned a level 3 spell: Dazzling Flash
  8699 | D:9      | Learned a level 4 spell: Summon Ice Beast
  9090 | D:9      | Noticed a two-headed ogre
  9097 | D:9      | Killed a two-headed ogre
  9356 | D:9      | Found Teip's Weapon Shop.
  9579 | D:9      | Reached ** piety under Cheibriados
 10288 | D:10     | Found a large runed translucent door.
 10288 | D:10     | Found a large runed translucent door.
 10290 | D:10     | Noticed a deep elf pyromancer
 10297 | D:10     | Found a large runed translucent door.
 10297 | D:10     | Found a large runed translucent door.
 10343 | D:10     | Noticed a two-headed ogre
 10353 | D:10     | Killed a two-headed ogre
 10360 | D:10     | Identified the ring "Bocufyub" {rF+ Will+ Int+3 Stlth+}
 10694 | D:10     | Reached skill level 5 in Conjurations
 10694 | D:10     | Reached skill level 5 in Hexes
 10694 | D:10     | Reached skill level 5 in Summonings
 10694 | D:10     | Reached skill level 5 in Necromancy
 10694 | D:10     | Reached skill level 5 in Translocations
 10694 | D:10     | Reached skill level 5 in Transmutations
 10694 | D:10     | Reached skill level 5 in Fire Magic
 10694 | D:10     | Reached skill level 5 in Air Magic
 10694 | D:10     | Reached skill level 5 in Earth Magic
 10694 | D:10     | Reached skill level 5 in Poison Magic
 10694 | D:10     | Reached XP level 11. HP: 57/81 MP: 17/22
 11184 | D:11     | Reached skill level 9 in Ice Magic
 11383 | D:11     | Noticed a two-headed ogre
 11390 | D:11     | Killed a two-headed ogre
 11487 | D:11     | Found a portal to a secret trove of treasure.
 11500 | D:11     | Reached *** piety under Cheibriados
 12066 | D:12     | Noticed a skeletal warrior
 12066 | D:12     | Noticed a skeletal warrior
 12203 | D:12     | Noticed a brown ugly thing
 12236 | D:12     | Killed a brown ugly thing
 12425 | D:12     | Noticed Sonja
 12436 | D:12     | Killed Sonja
 12450 | D:12     | Noticed a skeletal warrior
 12453 | D:12     | Killed a skeletal warrior
 12455 | D:12     | Noticed a skeletal warrior
 12616 | D:11     | Learned a level 4 spell: Iskenderun's Mystic Blast
 12621 | D:11     | Learned a level 4 spell: Anguish
 12786 | D:12     | Identified 3 scrolls of acquirement
 12793 | D:12     | Slain by a skeletal warrior

Illustrated notes

Levels and vault maps discovered:
D:1:      lightli_arrival_lavapool, layout_loops_ring, serial_co_window_serial,
          co_window_cross_1, co_window_of_opportunity_a, co_window_corner_a,
          co_window_of_opportunity_a, co_window_of_opportunity_a,
          co_window_corner_ca, co_window_corner_cb, co_window_paths_c,
          co_window_corner_cb, co_window_unsneaky_path_c, co_window_corner_b,
          co_window_of_opportunity_b, glass_columns_c, glass_columns_a,
          glass_columns_a, glass_columns_b
D:2:      layout_loops_cross, shapermc_ecumenical_altar_hornbeckon
D:3:      layout_basic, nicolae_ru_sacrificial_ziggurat, tso_metal_star,
          elyvilon_altar_4, serial_shops, nicolae_shop_trees,
          nicolae_grassy_gnolls, uniq_jessica
D:4:      wander_river, layout_basic, serial_shops, shop
D:5:      layout_loops_ring, kennysheep_okawaru_gauntlet
D:6:      layout_loops_ring, tgw_fedhas, lemuel_round_altar,
          hangedman_abyss_or_decor_stagger, uniq_duvessa
D:7:      layout_cave_pods, temple_fountains, kennysheep_nub,
          uniq_prince_ribbit1
D:8:      layout_loops_ring, vehumet_statue, mainiacjoe_overflow_boulevard
D:9:      layout_loops_ring, erik_lair_orcish_takeover, serial_shops,
          kennysheep_little_box
D:10:     layout_irregular_city, mainiacjoe_overflow_alcove_1,
          minmay_hollow_rounded_squares
D:11:     layout_loops_cross, nicolae_trove_entry_path_of_doom
D:12:     layout_basic, orc_0_dummy, uniq_lodul, uniq_sonja
Temple:   hellmonk_temple_forest_ring

Skill      XL: |  1  2  3  4  5  6  7  8  9 10 11 |
---------------+----------------------------------+-----
Spellcasting   | 5 6 7 8 |  8.6
Invocations    | 1 2 3 4 5 6 7 |  7.6
Fighting       | 1 2 3 5 6 |  6.9
Short Blades   | 1 2 3 5 6 |  6.9
Long Blades    | 1 2 3 5 6 |  6.9
Axes           | 1 2 3 5 6 |  6.9
Maces & Flails | 1 2 3 5 6 |  6.9
Polearms       | 1 2 3 5 6 |  6.9
Staves         | 1 2 3 5 6 |  6.9
Ranged Weapons | 1 2 3 5 6 |  6.9
Throwing       | 1 2 3 5 6 |  6.9
Armour         | 1 2 3 5 6 |  6.9
Shields        | 1 2 3 5 6 |  6.9
Unarmed Combat | 1 2 3 5 6 |  6.9
Evocations     | 1 2 3 5 6 |  6.9
Conjurations   | 1 2 3 4 5 |  5.7
Hexes          | 1 2 3 4 5 |  5.7
Summonings     | 1 2 3 4 5 |  5.7
Necromancy     | 1 2 3 4 5 |  5.7
Translocations | 1 2 3 4 5 |  5.7
Transmutations | 1 2 3 4 5 |  5.7
Fire Magic     | 1 2 3 4 5 |  5.7
Air Magic      | 1 2 3 4 5 |  5.7
Earth Magic    | 1 2 3 4 5 |  5.7
Poison Magic   | 1 2 3 4 5 |  5.7
Dodging        | 5 6 7 8 |  8.4
Stealth        | 5 6 7 8 |  8.2
Ice Magic      | 8 9 |  9.2

Action                   |  1- 3 |  4- 6 |  7- 9 | 10-12 || total
-------------------------+-------+-------+-------+-------++-------
Melee: Dagger            |     1 |       |    14 |       ||    15
       Falchion          |       |    30 |    48 |       ||    78
       Bite              |       |     1 |    24 |    17 ||    42
       Flail             |       |       |    95 |       ||    95
       War axe           |       |       |    12 |   151 ||   163
Throw: Boomerang         |       |       |    17 |       ||    17
 Cast: Freeze            |    36 |    33 |    43 |    10 ||   122
       Frozen Ramparts   |     5 |    17 |    38 |    31 ||    91
       Ozocubu's Armour  |     1 |     6 |    18 |    14 ||    39
       Poisonous Vapours |       |       |     8 |    22 ||    30
       Wereblood         |       |       |     5 |    11 ||    16
       Summon Ice Beast  |       |       |       |    21 ||    21
       Dazzling Flash    |       |       |       |     4 ||     4
       Anguish           |       |       |       |     3 ||     3
       Iskenderun's Myst |       |       |       |     2 ||     2
Invok: Bend Time         |       |       |       |     2 ||     2
Evoke: Wand              |       |       |     2 |     1 ||     3
  Use: Potion            |       |       |     3 |       ||     3
       Scroll            |       |       |       |     7 ||     7
 Stab: Sleeping          |       |     1 |     1 |       ||     2
       Paralysed         |       |       |     1 |     8 ||     9
       Invisible         |       |       |       |     3 ||     3
       Distracted        |       |       |       |     1 ||     1
Armor: Robe              |    12 |    27 |    27 |       ||    66
       Leather armour    |       |       |    23 |    27 ||    50
       Acid dragon scale |       |       |       |    25 ||    25
       Skin              |       |       |       |     1 ||     1
Dodge: Dodged            |    12 |    73 |   163 |   173 ||   421
Block: Buckler           |       |       |    53 |    72 ||   125

Table legend: (Time is in decaauts)
 A = Elapsed time spent in this place.
 B = Non-inter-level travel time spent in this place.
 C = Inter-level travel time spent in this place.
 D = Time resting spent in this place.
 E = Time spent auto-exploring this place.
 F = Levels seen in this place.
 G = Mean time per level.
                   A        B        C        D        E       F      G
               +--------+--------+--------+--------+--------+-----+--------+
         Total |  14252 |  13483 |    769 |      2 |  11113 |  13 | 1096.3 |
       Dungeon |  14046 |  13300 |    746 |      2 |  10942 |  12 | 1170.5 |
        Temple |    206 |    183 |     23 |      0 |    171 |   1 |  206.0 |
               +--------+--------+--------+--------+--------+-----+--------+

Top non-repeatable levels by time:
    D:10: 1886 daAuts
     D:9: 1694 daAuts
    D:11: 1500 daAuts
     D:3: 1463 daAuts
     D:5: 1253 daAuts
     D:6: 1157 daAuts
     D:1: 1020 daAuts
     D:4: 1009 daAuts
     D:7: 986 daAuts
     D:2: 981 daAuts
    D:12: 660 daAuts
     D:8: 429 daAuts
  Temple: 206 daAuts
